Map: Dusk Towers

Players

AcerBly (Bly) - Winner!

  • Race: Zerg Zerg
  • League: Grandmaster

LiquidBunny (Bunny)

  • Race: Terran Terran
  • League: Grandmaster

Event: Homestory Cup XII

VOD

Have the link to the VOD?

Description

Time

  • Played on: Dec. 18, 2015, 10:52 a.m.
  • Length: 3:57

All games in this series

Show
View Real Time Build Order
Export as new Build Order

AcerBly Zerg - Winner!

Build Orders: Hatch First 

Get SALT Encoding   

  12  0:00  Drone  
  13  0:12  Overlord  
  13  0:19  Drone  
  14  0:31  Drone x2  
  16  0:37  Drone  
  17  0:56  Hatchery  
  16  1:01  Extractor  
  15  1:10  Spawning Pool  
  14  1:12  Drone  
  14  1:15  Drone  
  16  1:21  Drone  
  18  1:25  Drone  
  18  1:39  Overlord  
  18  1:56  Drone x2  
  18  1:57  Roach Warren  
  19  2:01  Queen  
  21  2:11  Extractor  
  21  2:14  Queen  
  22  2:20  Drone  
  23  2:23  Drone  
  24  2:37  Roach x2  
  24  2:39  Roach  
  30  2:46  Zergling x4  
  32  2:52  Roach  
  34  2:59  Ravager x2  
  34  3:02  Spore Crawler  
  34  3:03  Ravager  
  37  3:06  Overlord  
  37  3:19  Overlord  
  37  3:33  Roach x2  
  37  3:34  Roach  
Show
View Real Time Build Order
Export as new Build Order

LiquidBunny Terran 

Build Orders: Command Center First (CC) 

Get SALT Encoding   

  12  0:00  SCV  
  13  0:12  SCV  
  14  0:16  Supply Depot  
  14  0:24  SCV  
  15  0:38  SCV  
  16  0:50  SCV  
  17  0:59  Command Center  
  17  1:02  SCV  
  18  1:12  Barracks  
  18  1:15  SCV  
  19  1:23  Refinery  
  19  1:26  Refinery  
  19  1:28  SCV  
  20  1:40  SCV  
  22  1:58  Orbital Command  
  22  2:00  Marine  
  22  2:07  Factory  
  22  2:12  Orbital Command  
  22  2:18  Supply Depot  
  22  2:21  Barracks Reactor  
  22  2:25  SCV  
  23  2:37  SCV  
  23  2:38  SCV  
  25  2:49  SCV  
  25  2:50  SCV  
  27  2:52  Refinery  
  27  2:53  Starport  
  27  3:02  SCV x2, Hellion  
  27  3:03  Barracks Reactor  
  31  3:06  Hellion  
  33  3:14  SCV x2  
  33  3:16  Bunker  
  34  3:23  Hellion  
  34  3:26  SCV  
  35  3:31  SCV  
Tags
 
Add a new tag
Caveats
  • Supply blocks, unpowered buildings, or Contaminate may cause inaccurate times.
  • Supply counts are checked every 10 seconds.